 Dungeon Crawl Stone Soup version 0.29.0-15-g675c0067aa (webtiles) character file.

Game seed: 8391931650959153508

756 qw the Sneak (level 7, 0/42 HPs)
             Began as a Gargoyle Delver on Sept 11, 2022.
             Slain by Prince Ribbit (13 damage)
             ... on level 6 of the Dungeon.
             The game lasted 00:01:38 (4461 turns).

qw the Sneak (Gargoyle Delver)                      Turns: 4461, Time: 00:01:38

Health: 0/42       AC: 16    Str: 17      XL:     7   Next: 79%
Magic:  7/7        EV:  3    Int: 10 (11) God:
Gold:   295        SH:  9    Dex: 11      Spells: 6/6 levels left

rFire   . . .      SeeInvis .   Y - +1 broad axe
rCold   . . .      Faith    .   d - +0 kite shield
rNeg    + + .      Spirit   .   k - +0 plate armour
rPois   inf        Reflect  .   (no helmet)
rElec   +          Harm     .   (no cloak)
rCorr   .          Rampage  .   (no gloves)
Will    +....                   (no boots)
Stlth   ..........              (no amulet)
HPRegen 0.14/turn               w - ring of willpower
MPRegen 0.10/turn               i - ring of positive energy

@: no status effects
A: sickness immunity, AC +4, negative energy resistance 1, electricity
resistance, torment resistance 1, petrification resistance, deterioration 1
a: no special abilities


You were on level 6 of the Dungeon.
You visited 1 branch of the dungeon, and saw 6 of its levels.

You collected 295 gold pieces.


Innate Abilities, Weirdness & Mutations

You are immune to sickness and miasma.
Your stone body is resilient. (AC +4)
You are immune to poison.
You resist negative energy. (rN+)
You are resistant to electric shocks. (rElec)
You are resistant to unholy torment.
You are immune to petrification.
Your body sometimes deteriorates upon taking damage.


   Skills:
 + Level 3.7 Fighting
 - Level 5.4 Axes
 - Level 1.0 Throwing
 - Level 3.2 Armour
 - Level 1.5 Dodging
 - Level 5.4 Stealth
 - Level 5.0 Shields


You had 6 spell levels left.
You didn't know any spells.
Your spell library was empty.

Inventory:

Hand Weapons
 j - a +0 flail
 o - the +6 mace "Omuude" {vorpal, rC+}
   (You found it on level 4 of the Dungeon)

   It inflicts extra damage upon your enemies.
   rC:        It protects you from cold.
 Y - a +1 broad axe (weapon)
Missiles
 n - 9 silver javelins (quivered)
Armour
 d - a +0 kite shield (worn)
 k - a +0 plate armour (worn)
Jewellery
 a - a ring of positive energy
 i - a ring of positive energy (right hand)
 l - a ring of fire
 w - a ring of willpower (left hand)
Wands
 g - a wand of digging (3)
Scrolls
 m - 2 scrolls of identify
Potions
 c - a potion of cancellation
 e - a potion of mutation
 f - a potion of haste
 h - a potion of berserk rage {unknown}
 p - a potion of might {unknown}
 q - a potion of flight {unknown}
 r - 3 potions of heal wounds
 u - a potion of curing

Dungeon Overview and Level Annotations

Branches:
Dungeon (6/15)
 Temple: D:4-7

Altars:
Ru

Annotations:
D:6 Prince Ribbit


Message History

The shadow imp shouts!
You slash the adder!
You kill the adder!
Prince Ribbit comes into view.
Prince Ribbit gives a loud, deep croak!
You block the shadow imp's attack.
An iguana comes into view.
You miss Prince Ribbit. You barely miss the shadow imp.
The iguana hisses angrily.
You block the shadow imp's attack.
Prince Ribbit blinks!
The shadow imp hits you but does no damage.
You slash the shadow imp!
You kill the shadow imp!
Prince Ribbit hits you!
You miss Prince Ribbit. Prince Ribbit hits you.
Your body deteriorates!
You feel dopey.
Prince Ribbit hits you but does no damage.
You closely miss Prince Ribbit. Prince Ribbit barely misses you.
You block Prince Ribbit's attack.
You closely miss Prince Ribbit. You hit the iguana. Prince Ribbit hits you.
The iguana bites you. You block Prince Ribbit's attack. The iguana bites you.
You closely miss the iguana.
The iguana is moderately wounded.
You barely miss Prince Ribbit.
Prince Ribbit hits you but does no damage.
The iguana completely misses you. Prince Ribbit hits you.
You slash the iguana!
You kill the iguana!
You barely miss Prince Ribbit.
Prince Ribbit hits you but does no damage. x2
You slash Prince Ribbit!
Prince Ribbit is moderately wounded.
Prince Ribbit barely misses you.
Prince Ribbit hits you but does no damage.
You hit Prince Ribbit.
Prince Ribbit is moderately wounded.
Prince Ribbit hits you!
You die...

########## #........#
#.?......# #........#
# #........# .##
####......!.. .<#
###....F.......
#.######......@%...)..
#.........###.........
##..#.##..##
#.........
##..##.#..##
###.#..... .........##
.#..... ....##..## ##
.... ....##..... ##.
........#### .........


You could see Prince Ribbit.

Vanquished Creatures
  An ice beast (D:6)
  An ogre (D:5)
  2 phantoms
  3 hounds (D:5)
  An orc priest (D:5)
  3 iguanas
  10 adders
  3 gnolls (D:5)
  A shadow imp (D:6)
  An ufetubus (D:4)
  2 worms
  2 dart slugs (D:4)
  10 orcs
  5 ball pythons
  4 bats
  8 endoplasms
  3 giant cockroaches
  7 goblins
  7 hobgoblins
  2 jackals (D:2)
  2 quokkas (D:1)
  5 frilled lizards
  6 kobolds
  4 rats
  A spectral hobgoblin (D:1)
94 creatures vanquished.

Notes
Turn   | Place    | Note
-------+----------+-------------------------------------------
     0 | D:5      | qw the Gargoyle Delver began the quest for the Orb.
     0 | D:5      | Reached XP level 1. HP: 14/14 MP: 1/1
     0 | D:5      | 0 ||| qw: Version: 0.1-a-118-gb4e7ce6
     0 | D:5      | 0 ||| qw: Game counter: 10550
     0 | D:5      | 0 ||| qw: Always use a shield: true
     0 | D:5      | 0 ||| qw: God list: Okawaru
     0 | D:5      | 0 ||| qw: Allow faded altars: false
     0 | D:5      | 0 ||| qw: Do Orc after D:15 true
     0 | D:5      | 0 ||| qw: Do second Lair branch before Depths: true
     0 | D:5      | 0 ||| qw: Lair rune preference: random
     0 | D:5      | 0 ||| qw: Plans: Normal
     0 | D:5      | 0 ||| PLANNING D:1-11
    56 | D:5      | Noticed a phantom
    59 | D:5      | 59 ||| Stepping ~*~*~tactically~*~*~ (stealth).
    60 | D:5      | 60 ||| Stepping ~*~*~tactically~*~*~ (stealth).
   101 | D:5      | 101 ||| READING scroll labelled SIUKIEFOZO.
   102 | D:5      | 102 ||| DROPPING scroll of fog.
   103 | D:5      | 103 ||| DROPPING scroll of magic mapping.
   104 | D:5      | 104 ||| DROPPING scroll of fear.
   121 | D:4      | 121 ||| Stepping ~*~*~tactically~*~*~ (stealth).
   134 | D:4      | Reached XP level 2. HP: 8/19 MP: 2/2
   316 | D:4      | 316 ||| Stepping ~*~*~tactically~*~*~ (stealth).
   318 | D:4      | 318 ||| Stepping ~*~*~tactically~*~*~ (stealth).
   320 | D:4      | 320 ||| Stepping ~*~*~tactically~*~*~ (stealth).
   324 | D:4      | 324 ||| Stepping ~*~*~tactically~*~*~ (stealth).
   326 | D:4      | 326 ||| Stepping ~*~*~tactically~*~*~ (stealth).
   328 | D:4      | 328 ||| Stepping ~*~*~tactically~*~*~ (hiding).
   341 | D:4      | Reached skill level 3 in Axes
   344 | D:4      | Reached XP level 3. HP: 11/23 MP: 3/3
   510 | D:4      | 510 ||| SWAPPING to +0 broad axe.
   511 | D:4      | 511 ||| DROPPING +0 hand axe.
   532 | D:4      | 532 ||| UPGRADING to +0 kite shield.
   537 | D:4      | 537 ||| DRINKING 2 murky ruby potions.
   538 | D:4      | 538 ||| DROPPING potion of invisibility.
   569 | D:3      | 569 ||| Stepping ~*~*~tactically~*~*~ (stealth).
   570 | D:3      | 570 ||| Stepping ~*~*~tactically~*~*~ (stealth).
   571 | D:3      | 571 ||| Stepping ~*~*~tactically~*~*~ (stealth).
   573 | D:3      | 573 ||| Stepping ~*~*~tactically~*~*~ (stealth).
   576 | D:3      | 576 ||| Stepping ~*~*~tactically~*~*~ (stealth).
   577 | D:3      | 577 ||| Stepping ~*~*~tactically~*~*~ (stealth).
   580 | D:3      | 580 ||| Stepping ~*~*~tactically~*~*~ (stealth).
   583 | D:3      | 583 ||| Stepping ~*~*~tactically~*~*~ (stealth).
   585 | D:3      | 585 ||| Stepping ~*~*~tactically~*~*~ (stealth).
   589 | D:3      | 589 ||| Stepping ~*~*~tactically~*~*~ (stealth).
   744 | D:3      | 744 ||| DROPPING +0 club.
   746 | D:3      | You fall into a shaft and drop 1 floor!
   747 | D:4      | 747 ||| UPGRADING to +0 scale mail.
   757 | D:4      | 757 ||| DROPPING +0 leather armour.
   807 | D:3      | Reached skill level 1 in Shields
   884 | D:3      | 884 ||| Stepping ~*~*~tactically~*~*~ (stealth).
   903 | D:3      | 903 ||| Stepping ~*~*~tactically~*~*~ (stealth).
   904 | D:3      | 904 ||| READING scroll labelled NYLAZEL DIGOZI.
   922 | D:3      | Reached XP level 4. HP: 28/28 MP: 4/4
   936 | D:2      | 936 ||| FLEEEEING.
   937 | D:2      | 937 ||| FLEEEEING.
   938 | D:2      | 938 ||| FLEEEEING.
   939 | D:2      | 939 ||| FLEEEEING.
   940 | D:2      | 940 ||| FLEEEEING.
   941 | D:2      | 941 ||| FLEEEEING.
   942 | D:2      | 942 ||| FLEEEEING.
   943 | D:2      | 943 ||| STAIRDANCE
  1352 | D:1      | Found a faded altar of an unknown god.
  1360 | D:1      | 1360 ||| Stepping ~*~*~tactically~*~*~ (stealth).
  1362 | D:1      | 1362 ||| Stepping ~*~*~tactically~*~*~ (stealth).
  1399 | D:1      | Reached skill level 3 in Shields
  1532 | D:1      | 1532 ||| DROPPING amulet of faith.
  1533 | D:1      | 1533 ||| READING scroll labelled DUHIELIBBO.
  1534 | D:1      | 1534 ||| READING scroll labelled IXUERI RUMOPS.
  1668 | D:2      | 1668 ||| Stepping ~*~*~tactically~*~*~ (stealth).
  2057 | D:2      | 2057 ||| DROPPING +0 leather armour of poison resistance.
  2058 | D:2      | 2058 ||| UPGRADING to ring of willpower.
  2059 | D:2      | 2059 ||| READING scroll labelled DEDGHU ZIBU IWK.
  2060 | D:2      | 2060 ||| READING scroll labelled SOEBOM SEDANONT.
  2061 | D:2      | 2061 ||| READING scroll labelled SOAKHOCWOA.
  2062 | D:2      | 2062 ||| READING scroll labelled IPSOT TEFIFAV.
  2066 | D:2      | 2066 ||| DRINKING 3 fuming pink potions.
  2067 | D:2      | 2067 ||| DRINKING 3 puce potions.
  2068 | D:2      | 2068 ||| READING 2 scrolls of identify.
  2068 | D:2      | 2068 ||| IDENTIFYING fuming orange potion
  2069 | D:2      | 2069 ||| DROPPING potion of magic.
  2070 | D:2      | 2070 ||| DROPPING 2 potions of attraction.
  2148 | D:3      | 2148 ||| Stepping ~*~*~tactically~*~*~ (hiding).
  2154 | D:3      | 2154 ||| Stepping ~*~*~tactically~*~*~ (stealth).
  2156 | D:3      | 2156 ||| Stepping ~*~*~tactically~*~*~ (stealth).
  2158 | D:3      | Reached skill level 1 in Throwing
  2398 | D:3      | Reached skill level 1 in Armour
  2398 | D:3      | Reached XP level 5. HP: 28/32 MP: 5/5
  2562 | D:3      | 2562 ||| UPGRADING to +0 chain mail.
  2572 | D:3      | 2572 ||| DROPPING +0 scale mail.
  2573 | D:3      | 2573 ||| UPGRADING to +0 plate armour.
  2583 | D:3      | 2583 ||| DROPPING +0 chain mail.
  2584 | D:3      | 2584 ||| DRINKING 2 metallic cyan potions.
  2585 | D:3      | 2585 ||| DRINKING 2 black potions.
  2585 | D:3      | Gained mutation: Your body sometimes deteriorates upon
                  | taking damage. [potion of mutation]
  2586 | D:3      | 2586 ||| READING 2 scrolls of identify.
  2586 | D:3      | 2586 ||| IDENTIFYING inky potion
  2587 | D:3      | 2587 ||| DROPPING potion of degeneration.
  2694 | D:4      | Noticed a phantom
  2708 | D:4      | Killed a phantom
  2709 | D:4      | Reached skill level 3 in Armour
  2719 | D:4      | Found a sacrificial altar of Ru.
  2740 | D:4      | Identified the +6 mace "Omuude" {vorpal, rC+}
  2800 | D:4      | 2800 ||| Stepping ~*~*~tactically~*~*~ (hiding).
  3011 | D:4      | Reached XP level 6. HP: 37/37 MP: 6/6
  3029 | D:4      | 3029 ||| UPGRADING to ring of positive energy.
  3030 | D:4      | 3030 ||| DRINKING 2 purple potions.
  3048 | D:4      | 3048 ||| DRINKING 2 murky black potions.
  3049 | D:4      | 3049 ||| READING 2 scrolls of identify.
  3049 | D:4      | 3049 ||| IDENTIFYING coppery potion
  3050 | D:4      | 3050 ||| DROPPING potion of lignification.
  3051 | D:4      | 3051 ||| DROPPING potion of brilliance.
  3493 | D:5      | 3493 ||| Stepping ~*~*~tactically~*~*~ (hiding).
  3606 | D:5      | Reached XP level 7. HP: 32/41 MP: 7/7
  4161 | D:5      | 4161 ||| DRINKING 2 dark potions.
  4262 | D:5      | 4262 ||| DROPPING potion of ambrosia.
  4451 | D:6      | Noticed Prince Ribbit
  4461 | D:6      | Slain by Prince Ribbit

Levels and vault maps discovered:
D:1:      mrwooster_arrival_statue_3, layout_rooms,
          dreamdust_ecumenical_altar_drowned_temple
D:2:      layout_basic
D:3:      layout_basic
D:4:      layout_rooms, lemuel_round_altar, minmay_misc_feat_encased,
          kennysheep_minor_cross
D:5:      layout_basic
D:6:      layout_rooms, gammafunk_temple_overflow_elements,
          gammafunk_ghost_nasty_kobolds, uniq_maggie, uniq_prince_ribbit1

Skill      XL: |  1  2  3  4  5  6  7 |
---------------+----------------------+-----
Axes           | 2 3 4 5 |  5.4
Shields        | 2 3 4 5 |  5.0
Throwing       | 1 |  1.0
Armour         | 1 3 |  3.2
Fighting       | |  3.7
Dodging        | |  1.5
Stealth        | |  5.4

Action                   |  1- 3 |  4- 6 |  7- 9 || total
-------------------------+-------+-------+-------++-------
Melee: Hand axe          |    26 |       |       ||    26
       Punch             |     1 |       |       ||     1
       Broad axe         |    40 |   157 |    49 ||   246
Throw: Javelin           |       |    39 |    13 ||    52
  Use: Scroll            |     2 |     9 |       ||    11
       Potion            |     1 |     6 |     1 ||     8
Armor: Leather armour    |    15 |       |       ||    15
       Scale mail        |    18 |    53 |       ||    71
       Plate armour      |       |    47 |    35 ||    82
Dodge: Dodged            |    37 |    57 |     8 ||   102
Block: Kite shield       |    15 |    76 |    22 ||   113

Table legend:
 A = Non-vault XP
 B = Vault XP
 C = Vault XP percentage of total XP
 D = Non-vault monster count
 E = Vault monster count
 F = Vault count percentage of total count
                 A         B        C        D         E       F
            +---------+---------+-------+---------+---------+-------
      Total |    1080 |       1 |   0.1 |      93 |       1 |   1.1
            +---------+---------+-------+---------+---------+-------
        D:1 |      25 |       1 |   3.8 |      15 |       1 |   6.2
        D:2 |      27 |       0 |   0.0 |      16 |       0 |   0.0
        D:3 |      81 |       0 |   0.0 |      21 |       0 |   0.0
        D:4 |     186 |       0 |   0.0 |      19 |       0 |   0.0
        D:5 |     559 |       0 |   0.0 |      17 |       0 |   0.0
        D:6 |     202 |       0 |   0.0 |       5 |       0 |   0.0
            +---------+---------+-------+---------+---------+-------
